 Dungeon Crawl Stone Soup version 0.20-a0-9-g62d82d9 (webtiles) character file.

210 JeffiDaFish the Covered (level 5, -1/33 HPs)
             Began as a Gargoyle Fighter on Nov 1, 2016.
             Slain by Dustyny's ghost (8 damage)
             ... on level 3 of the Dungeon.
             The game lasted 00:06:12 (2392 turns).

JeffiDaFish the Covered (Gargoyle Fighter)          Turns: 2392, Time: 00:06:13

Health: -1/33      AC: 13    Str: 25    XL:     5   Next: 88%
Magic:  5/5        EV:  6    Int:  9    God:
Gold:   120        SH:  9    Dex:  9    Spells: 0 memorised, 4 levels left

rFire  . . .     SeeInvis .     a - +1 rapier
rCold  + . .     Gourm    .     e - +0 chain mail
rNeg   + . .     Faith    .     c - +0 shield
rPois  ∞         Spirit   .     (no helmet)
rElec  +         Reflect  .     (no cloak)
rCorr  .         Harm     .     (no gloves)
MR     .....                    (no boots)
Stlth  ..........               j - amulet of rage
                                o - ring of ice
                                n - ring of protection from fire

@: mighty
A: negative energy resistance 1, electricity resistance, unbreathing,
petrification resistance, rot immunity, AC +4
a: Evoke Berserk Rage


You were on level 3 of the Dungeon.
You were not hungry.

You visited 1 branch of the dungeon, and saw 3 of its levels.

You collected 120 gold pieces.

Inventory:

Hand Weapons
 a - a +1 rapier (weapon)
Armour
 c - a +0 shield (worn)
 e - a +0 chain mail (worn)
Jewellery
 j - an amulet of rage (around neck)
 n - a ring of protection from fire (left hand)
 o - a ring of ice (right hand)
Scrolls
 h - a scroll of teleportation
 q - a scroll of remove curse
 r - a scroll of identify
Potions
 k - a potion of brilliance
Comestibles
 b - 5 fruits
 f - 3 bread rations
 g - 2 meat rations
 i - a royal jelly
 l - a slice of pizza
 p - 11 chunks of flesh


   Skills:
 + Level 4.2 Fighting
 + Level 3.6 Short Blades
 + Level 4.3 Armour
 + Level 0.4 Dodging
 + Level 4.1 Shields


You had 4 spell levels left.
You didn't know any spells.

Dungeon Overview and Level Annotations

Branches:
Dungeon (3/15)

Altars:
Ashenzari
Dithmenos
Fedhas
Okawaru
Qazlal
Trog
Xom
The Shining One

Annotations:
D:3 Dustyny's ghost, novice MiFi


Innate Abilities, Weirdness & Mutations

You are resistant to torment.
Your stone body is resilient. (AC +4)
You are immune to poison.
You resist negative energy. (rN+)
You are resistant to electric shocks. (rElec)
You can survive without breathing.
You are immune to petrification.
You are immune to rotting.


Message History

You are too injured to fight recklessly!
You are too injured to fight recklessly!
You are too injured to fight recklessly!
You feel better. Dustyny's ghost hits you.
You feel very mighty all of a sudden.
Dustyny's ghost hits you but does no damage.
You barely miss Dustyny's ghost.
Dustyny's ghost hits you but does no damage.
You puncture Dustyny's ghost!
Dustyny's ghost is lightly damaged.
Dustyny's ghost hits you.
You hit Dustyny's ghost but do no damage.
Dustyny's ghost is lightly damaged.
Dustyny's ghost hits you but does no damage.
You hit Dustyny's ghost but do no damage.
Dustyny's ghost is lightly damaged.
Dustyny's ghost hits you.
* * * LOW HITPOINT WARNING * * *
Dustyny's ghost hits you!
You die...

#. #.# #.# ..#
.#.###############
>.....)W@........#
############.###.#
# #.###.########
#.............
#####.########
#.########
#.........
#..####### ####


You could see Dustyny's ghost.

Vanquished Creatures
  A sky beast (D:3)
  3 gnolls (D:3)
  3 adders
  2 worms (D:2)
  2 dart slugs
  6 leopard geckos
  6 giant cockroaches
  3 goblins
  5 hobgoblins
  3 kobolds
  A ball python (D:2)
  7 bats
  4 frilled lizards
  A quokka skeleton (D:3)
  A rat (D:2)
48 creatures vanquished.

Notes
Turn   | Place    | Note
-------+----------+-------------------------------------------
     0 | D:1      | JeffiDaFish the Gargoyle Fighter began the quest for the Orb.
     0 | D:1      | Reached XP level 1. HP: 14/14 MP: 1/1
   185 | D:1      | Reached XP level 2. HP: 18/19 MP: 2/2
   887 | D:2      | Found a shimmering altar of Xom.
   897 | D:2      | Reached XP level 3. HP: 23/23 MP: 3/3
  1039 | D:2      | Found a shadowy altar of Dithmenos.
  1039 | D:2      | Found an iron altar of Okawaru.
  1044 | D:2      | Found a blossoming altar of Fedhas.
  1047 | D:2      | Found a bloodstained altar of Trog.
  1049 | D:2      | Found a stormy altar of Qazlal.
  1512 | D:2      | Found a glowing golden altar of the Shining One.
  1918 | D:3      | Reached XP level 4. HP: 12/29 MP: 4/4
  2230 | D:3      | Noticed a sky beast
  2252 | D:3      | Killed a sky beast
  2252 | D:3      | Reached XP level 5. HP: 28/33 MP: 5/5
  2336 | D:3      | Found a shattered altar of Ashenzari.
  2378 | D:3      | Noticed Dustyny's ghost (novice MiFi)
  2392 | D:3      | Slain by Dustyny's ghost

Vault maps used:
D:1:      roderic_chinese_lattice_arrival
D:2:      nicolae_overflow_crystal_walls, xom_teletrap_fun,
          chequers_temple_overflow_minitemple
D:3:      overflow_temple_1_default

Skill      XL: |  1  2  3  4 |
---------------+-------------+-----
Short Blades   | 2 3 |  3.6
Fighting       | 4 |  4.2
Armour         | 4 |  4.3
Shields        | 4 |  4.1
Dodging        | |  0.4

Action                   |  1- 3 |  4- 6 || total
-------------------------+-------+-------++-------
Melee: Rapier            |   149 |    85 ||   234
  Use: Scroll            |     8 |     1 ||     9
       Potion            |     3 |     2 ||     5
  Eat: Chunk             |     3 |     2 ||     5
Armor: Scale mail        |    29 |       ||    29
       Chain mail        |    62 |    55 ||   117
Dodge: Dodged            |    39 |    11 ||    50
Block: Shield            |    79 |    25 ||   104
